 Dungeon Crawl Stone Soup version 0.29-a0-925-g0a7a3d12f8 (webtiles) character file.

Game seed: 240244260496861992

114373 Ge0ff the Destroyer (level 16, -3/109 HPs)
             Began as an Octopode Earth Elementalist on July 29, 2022.
             Was a High Priest of Ashenzari.
             Slain by a death knight
             ... wielding a +3 great mace of protection
              (20 damage)
             ... on level 13 of the Dungeon.
             The game lasted 01:18:06 (32038 turns).

Ge0ff the Destroyer (Octopode Earth Elementalist)  Turns: 32038, Time: 01:18:07

Health: -3/109     AC:  1    Str:  8    XL:     16   Next: 65%
Magic:  12/33      EV: 16    Int: 31    God:    Ashenzari [*****.]
Gold:   1500       SH: 11    Dex: 12    Spells: 9/42 levels left

rFire   + . .      SeeInvis +   a - staff of conjuration (curse) {Melee, Self}
rCold   . . .      Faith    .   D - +0 kite shield "At What Cost Knowledge?" {Bglg, Range} (curse)
rNeg    . . .      Spirit   .   (helmet restricted)
rPois   +          Reflect  .   e - amulet of the Chained Gnosis {Regen+, Bglg, Evo} (curse)
rElec   .          Harm     .   Q - ring "Jealousy of Ashenzari" {Int+6, Evo, Bglg} (curse)
rCorr   +          Rampage  .   w - ring "Omniscient Jealousy" {rPois, Bglg, Comp} (curse)
Will    .....      Clarity  +   G - ring "Omniscient Prison" {rCorr, Bglg, Cun} (curse)
Stlth   ++++......              x - ring of the Eternal Free Will {rC+, Comp, Elem} (curse)
HPRegen 1.08/turn               i - ring of the Wild Blue Yonder {Fly, Self, Bglg} (curse)
MPRegen 0.23/turn               O - ring "Prophetic Suspicion" {Fire, Fort, Alch} (curse)
                                (no ring)
                                (no ring)

@: weak-willed, flying, very slightly contaminated
A: almost no armour, amphibious, 8 rings, camouflage 1, gelatinous body 1,
(nimble swimmer 1), tentacles
a: Renounce Religion, Curse Item, Shatter the Chains


You were on level 13 of the Dungeon.
You worshipped Ashenzari.
Ashenzari was extremely pleased with you.
You visited 4 branches of the dungeon, and saw 21 of its levels.

You collected 2672 gold pieces.
You spent 1172 gold pieces at shops.

Inventory:

Missiles
 c - a silver boomerang
 g - 6 datura-tipped darts {=F}
 h - 2 atropa-tipped darts
 r - 19 boomerangs (quivered)
 v - 2 curare-tipped darts {=F}
 C - 9 javelins
 U - 90 poisoned darts
Armour
 f - a +2 buckler
 D - the cursed +0 kite shield "At What Cost Knowledge?" (worn) {Bglg, Range}
   (You took it off a gnoll sergeant on level 9 of the Dungeon)

   It has a curse which improves the following skills: Beguiling: Conjurations,
   Hexes and Translocations.
   Ranged Combat: Ranged Weapons and Throwing.
Magical Staves
 a - a cursed staff of conjuration (weapon) {Melee, Self}
Jewellery
 e - the cursed amulet of the Chained Gnosis (around mantle) {Regen+, Bglg, Evo}
   (You found it on level 11 of the Dungeon)

   [amulet of regeneration]

   Regen:     It increases your rate of health regeneration.
   It has a curse which improves the following skills: Beguiling: Conjurations,
   Hexes and Translocations.
   Evocations: Evocations.
 i - the cursed ring of the Wild Blue Yonder (on tentacle) {Fly, Self, Bglg}
   (You found it on level 9 of the Dungeon)

   [ring of flight]

   Fly:       It grants you flight.
   It has a curse which improves the following skills: Introspection: Fighting
   and Spellcasting.
   Beguiling: Conjurations, Hexes and Translocations.
 l - an amulet of reflection
 w - the cursed ring "Omniscient Jealousy" (right tentacle) {rPois, Bglg, Comp}
   (You found it on level 2 of the Dungeon)

   [ring of poison resistance]

   rPois:     It protects you from poison.
   It has a curse which improves the following skills: Beguiling: Conjurations,
   Hexes and Translocations.
   Companions: Summonings and Necromancy.
 x - the cursed ring of the Eternal Free Will (on tentacle) {rC+, Comp, Elem}
   (You found it on level 4 of the Dungeon)

   [ring of protection from cold]

   rC:        It protects you from cold.
   It has a curse which improves the following skills: Companions: Summonings
   and Necromancy.
   Elements:  Fire Magic, Ice Magic, Air Magic and Earth Magic.
 G - the cursed ring "Omniscient Prison" (on tentacle) {rCorr, Bglg, Cun}
   (You found it on level 3 of the Dungeon)

   [ring of resist corrosion]

   rCorr:     It protects you from acid and corrosion.
   It has a curse which improves the following skills: Beguiling: Conjurations,
   Hexes and Translocations.
   Cunning:   Dodging and Stealth.
 O - the cursed ring "Prophetic Suspicion" (on tentacle) {Fire, Fort, Alch}
   (You found it on level 5 of the Dungeon)

   [ring of fire]

   It enhances your fire magic.
   rF:        It protects you from fire.
   rC:        It makes you vulnerable to cold.
   It has a curse which improves the following skills: Fortitude: Shields.
   Alchemy:   Poison Magic and Transmutations.
 Q - the cursed ring "Jealousy of Ashenzari" (left tentacle) {Int+6, Evo, Bglg}
   (You found it on level 2 of the Dungeon)

   [ring of intelligence]

   Int:       It affects your intelligence (+6).
   It has a curse which improves the following skills: Evocations: Evocations.
   Beguiling: Conjurations, Hexes and Translocations.
Wands
 d - a wand of digging (4)
 j - a wand of light (7)
 k - a wand of iceblast (13)
 p - a wand of paralysis (21)
 s - a wand of mindburst (5)
 P - a wand of polymorph (4)
Scrolls
 m - 4 scrolls of magic mapping
 y - 5 scrolls of immolation
 B - 4 scrolls of blinking
 E - 5 scrolls of fear
 F - 8 scrolls of fog
 J - a scroll of silence {!r}
 L - 2 scrolls of amnesia
 S - 2 scrolls of summoning
 T - 6 scrolls of teleportation
 V - 5 scrolls of vulnerability
 Y - 2 scrolls of enchant armour
Potions
 o - 2 potions of ambrosia
 q - 7 potions of curing
 u - 5 potions of mutation {!q}
 z - 2 potions of brilliance
 A - 3 potions of attraction
 H - a potion of haste {!q}
 I - a potion of invisibility
 K - 3 potions of magic {!q}
 M - a potion of might
 N - 4 potions of cancellation {!q}
 R - 2 potions of resistance
 W - 4 potions of heal wounds {!q}
 X - 4 potions of flight
 Z - 2 potions of berserk rage {!q}
Miscellaneous
 n - a phial of floods
 t - a tin of tremorstones (inert)


   Skills:
 - Level 6.5(10.0) Fighting
 + Level 9.1(11.4) Staves
 - Level 4.1(6.3) Throwing
 + Level 8.2(10.6) Dodging
 - Level 4.7(7.0) Stealth
 + Level 8.6(10.9) Shields
 - Level 10.0(13.5) Spellcasting
 + Level 10.1(17.3) Conjurations
 - Level 2.1(7.0) Hexes
 + Level 7.3(14.3) Translocations
 - Level 8.6(11.0) Transmutations
 - Level 7.6(10.0) Fire Magic
 - Level 10.0(12.3) Earth Magic
 + Level 7.1(10.6) Evocations


You had 9 spell levels left.
You knew the following spells:

 Your Spells              Type           Power      Damage    Failure   Level
c - Blink                 Tloc           100%       N/A       1%          2
d - Dispersal             Tloc           41%        N/A       1%          6
j - Inner Flame           Hex/Fire       84%        N/A       1%          3
k - Stone Arrow           Conj/Erth      100%       3d13      1%          3
s - Flame Wave            Conj/Fire      100%       2d21      1%          4
w - Passwall              Tmut/Erth      62%        N/A       1%          2
y - Yara's Violent Unrav  Hex/Tmut       33%        3d14      3%          5
C - Gell's Gravitas       Tloc           83%        N/A       1%          3
E - Irradiate             Conj/Tmut      52%        3d29      1%          5

Your spell library contained the following spells:

 Spells                   Type           Power      Damage    Failure   Level
 Foxfire                  Conj/Fire      100%       2x1d9     1%          1
 Sandblast                Erth           100%       2d20      1%          1
 Static Discharge         Conj/Air       85%        3-14/arc  1%          2
 Conjure Flame            Conj/Fire      100%       6-21      1%          3
 Lesser Beckoning         Tloc           83%        N/A       1%          3
 Teleport Other           Tloc           83%        N/A       1%          3
 Tukima's Dance           Hex            59%        N/A       1%          3
 Passage of Golubria      Tloc           83%        N/A       1%          4
 Petrify                  Tmut/Erth      75%        N/A       1%          4
 Sticky Flame             Conj/Fire      100%       2d11      1%          4
 Manifold Assault         Tloc           83%        N/A       1%          5
 Sublimation of Blood     Necr           23%        N/A       6%          2
 Poisonous Vapours        Pois/Air       44%        N/A       7%          2
 Anguish                  Hex/Necr       22%        N/A       11%         4
 Dispel Undead            Necr           23%        3d12      36%         4
 Corpse Rot               Necr/Pois/Air  23%        N/A       38%         4
 Enfeeble                 Hex            29%        N/A       92%         7


Dungeon Overview and Level Annotations

Branches:
Dungeon (13/15) Zot: 25935  Temple (1/1) D:4 Zot: 5901    Lair (5/5) D:9 Zot: 20158
 Shoals (0/4) Lair:2        Snake (0/4) Lair:2        Slime (0/5) Lair:5
    Orc (2/2) D:11 Zot: 9174     Elf (0/3) Orc:2
 Vaults: D:13-14

Altars:
Ashenzari
Cheibriados
Dithmenos
Elyvilon
Fedhas
Gozag
Hepliaklqana
Kikubaaqudgha
Makhleb
Nemelex Xobeh
Okawaru
Qazlal
Ru
Sif Muna
Trog
Uskayaw
Vehumet
Wu Jian
Xom
Yredelemnul
Zin
The Shining One
Lugonu

Shops:
D:7 !   D:9 ([?[   D:12 *   Orc:2 [[![

Portals:
Abyss: Lair:5
Trove: D:11 (give horn of Geryon)


Innate Abilities, Weirdness & Mutations

You cannot wear most types of armour.
You are amphibious.
You can wear up to eight rings at the same time.
Your skin changes colour to match your surroundings (Stealth+).
Your rubbery body absorbs attacks. (AC +1, EV +1)
((You are camouflaged when in or above water. (Stealth+)))
You have tentacles for arms and can constrict up to eight enemies at once.


Message History

You destroy the phantasmal warrior!
You are very lightly contaminated with residual magic.
The phantasmal warrior gestures at you.
The phantasmal warrior blinks!
The tremorstone explodes into fragments!
The burst of rock shards engulfs the phantasmal warrior!
The burst of rock shards engulfs the death knight but does no damage.
The burst of rock shards engulfs you!!
The burst of rock shards engulfs the phantasmal warrior but does no damage.
The burst of rock shards engulfs the death knight!
The burst of rock shards engulfs the death knight but does no damage.
The burst of rock shards engulfs the phantasmal warrior! x2
The burst of rock shards engulfs the death knight but does no damage.
The tin is emptied!
Casting: Irradiate (mildly dangerous; 1% risk of failure)
Confirm with . or Enter, or press ? or * to list all spells.
Aiming: Stone Arrow (safe; 1% risk of failure)
Press: ? - help, Shift-Dir - straight line, f - phantasmal warrior
Aim: a phantasmal warrior (severely damaged, 78% to hit)
You feel a surge of power!
The stone arrow hits the phantasmal warrior!
The phantasmal warrior is almost destroyed.
The phantasmal warrior hits you!!!
Your willpower is stripped away!
Casting: Stone Arrow (safe; 1% risk of failure)
Confirm with . or Enter, or press ? or * to list all spells.
Aiming: Stone Arrow (safe; 1% risk of failure)
Press: ? - help, Shift-Dir - straight line, f/p - phantasmal warrior
Aim: a phantasmal warrior (almost destroyed, 78% to hit)
You feel a surge of power!
The stone arrow hits the phantasmal warrior!
You destroy the phantasmal warrior!
Casting: Stone Arrow (safe; 1% risk of failure)
Confirm with . or Enter, or press ? or * to list all spells.
Aiming: Stone Arrow (safe; 1% risk of failure)
Press: ? - help, Shift-Dir - straight line, f - death knight
Aim: a death knight, wielding a +3 great mace of protection and wearing a +0 chain mail (lightly wounded, 78% to hit)
You feel a surge of power!
The stone arrow hits the death knight!
The death knight is moderately wounded.
The death knight hits you with a +3 great mace of protection!!!
* * * LOW HITPOINT WARNING * * *
Casting: Stone Arrow (safe; 1% risk of failure)
Confirm with . or Enter, or press ? or * to list all spells.
You feel a surge of power!
You erupt in a fountain of uncontrolled magic!
The death knight is blasted with magical radiation!!
The death knight is severely wounded.
The death knight twists and deforms.
The death knight hits you with a +3 great mace of protection!!
You die...

##......##...................##
##..†..[.##.................###
#......)..#................####
#..........................###
#>......#.................###
#.......##................######
#........##...............######
#........###.............####..#
#.......#####..@.........###..##
##.....### *#.p##.....#.##...###
#....### #..######....#...####
##..### ...W..#######...######
#### #.... , , #######.######
....., , .#####..##### *....,,,,
####...#### * ,...., , , ,
*###.....## ,, , ,, , ###.....##


You could see a death knight (misshapen) and a wraith.

Vanquished Creatures
  Rupert (Lair:4)
  An orc warlord (Orc:2)
  Snorg (Lair:3)
  Josephine (Lair:4)
  An ice dragon (Lair:4)
  8 hydras
  Fannar (D:10)
  A rakshasa (D:11)
  The ghost of flt the Transmogrifier, a journeyman DgTm (D:10)
  A boulder beetle (Lair:1)
  A centaur warrior (D:13)
  A catoblepas (D:13)
  Erica (Orc:1)
  5 two-headed ogres
  2 tengu warriors
  Nergalle (Lair:3)
  Urug (Lair:4)
  3 orc high priests (Orc:2)
  4 thrashing horrors (Lair:5)
  A sea snake (shapeshifter) (Lair:5)
  A lindwurm (Lair:4)
  2 phantasmal warriors (D:13)
  8 orc knights
  4 orc sorcerers
  6 ugly things
  2 cyclopes
  15 elephants
  Joseph (D:10)
  A manticore (D:11)
  2 black mambas (Lair:5)
  An ice statue (Lair:4)
  A moth of wrath (D:10)
  3 smoke demons (Lair:5)
  2 torpor snails
  7 cane toads
  4 rime drakes
  2 kobold demonologists
  A tengu conjurer (D:13)
  An unseen horror (D:12)
  3 yaktaurs (D:13)
  7 komodo dragons
  3 ancient zymes (Lair:5)
  5 polar bears
  10 trolls
  3 slime creatures (D:12)
  A meliai (shapeshifter) (Lair:5)
  2 hornets
  A tarantella (shapeshifter) (Lair:5)
  14 dream sheep
  30 blink frogs
  A spriggan (Lair:5)
  31 yaks
  6 wraiths
  2 ynoxinuls (Lair:5)
  An unseen horror simulacrum (D:8)
  A basilisk (Lair:1)
  3 wyverns
  3 steam dragons
  A harpy simulacrum (Lair:4)
  4 wargs (Orc:2)
  6 nagas
  4 acid dragons
  30 orc warriors
  14 water moccasins
  2 black bears
  2 ice beasts
  A sky beast (D:8)
  6 ogres
  A boggart (D:13)
  3 phantoms
  10 wolves
  8 centaurs
  11 kobold brigands
  A gnoll sergeant (D:9)
  11 bullfrogs
  3 necrophages
  5 scorpions
  6 small abominations (Lair:5)
  28 killer bees
  10 electric eels
  2 wyvern simulacra (D:8)
  11 hounds
  2 jellies
  3 gnoll boudas
  14 orc priests
  Natasha (D:4)
  32 orc wizards
  4 iguanas
  12 hell rats
  A polar bear simulacrum (Lair:4)
  2 centaur simulacra (D:8)
  A killer bee simulacrum (D:8)
  20 gnolls
  13 adders
  A naga simulacrum (Lair:4)
  A shadow imp (D:6)
  9 white imps
  4 ufetubi
  6 worms
  A dart slug (D:5)
  73 orcs
  5 endoplasms
  6 giant cockroaches
  10 goblins
  7 hobgoblins
  4 jackals (D:1)
  23 kobolds
  3 quokkas
  11 ball pythons
  4 bats
  A frilled lizard (D:3)
  7 rats
689 creatures vanquished.

Vanquished Creatures (others)
  A wizard (D:5)
  An orc warrior (D:10)
  A bush (Lair:5)
  25 fungi
  12 plants
40 creatures vanquished.

Grand Total: 729 creatures vanquished

Notes
Turn   | Place    | Note
-------+----------+-------------------------------------------
     0 | D:1      | Ge0ff the Octopode Earth Elementalist began the quest for
                  | the Orb.
     0 | D:1      | Reached XP level 1. HP: 11/11 MP: 3/3
   156 | D:1      | Reached skill level 1 in Fighting
   189 | D:1      | Reached XP level 2. HP: 18/18 MP: 5/5
   707 | D:1      | Reached XP level 3. HP: 23/23 MP: 3/6
   844 | D:1      | Found a faded altar of an unknown god.
  1491 | D:2      | Learned a level 3 spell: Stone Arrow
  1662 | D:2      | Reached XP level 4. HP: 28/28 MP: 6/8
  1725 | D:2      | Reached skill level 1 in Conjurations
  2233 | D:3      | Found a shadowy altar of Dithmenos.
  2317 | D:3      | Learned a level 2 spell: Passwall
  2870 | D:3      | Found a shimmering altar of Xom.
  3122 | D:3      | Found an opulent altar of Gozag.
  3125 | D:3      | Reached XP level 5. HP: 33/33 MP: 9/9
  3283 | D:4      | Found a staircase to the Ecumenical Temple.
  3292 | Temple   | Entered the Ecumenical Temple
  3380 | Temple   | Became a worshipper of Ashenzari the Shackled
  3635 | D:4      | Reached XP level 6. HP: 38/38 MP: 0/10
  3642 | D:4      | Found an iron altar of Okawaru.
  3782 | D:4      | Reached skill level 5 in Earth Magic
  4654 | D:4      | Noticed Natasha
  4657 | D:4      | Killed Natasha
  4747 | D:4      | Reached XP level 7. HP: 43/43 MP: 7/11
  4861 | D:4      | You fall into a shaft and drop 1 floor!
  4861 | D:5      | Entered Level 5 of the Dungeon
  5206 | D:4      | Reached skill level 5 in Conjurations
  5319 | D:4      | Reached XP level 8. HP: 48/48 MP: 2/12
  5410 | D:4      | Reached * piety under Ashenzari
  6219 | D:5      | Learned a level 2 spell: Blink
  6273 | D:5      | Found a bloodstained altar of Trog.
  6276 | D:5      | Noticed a wizard
  6282 | D:5      | Killed a wizard
  6355 | D:5      | Reached skill level 1 in Translocations
  6885 | D:5      | Found a glowing golden altar of the Shining One.
  7721 | D:6      | Noticed a wraith
  7890 | D:6      | Reached XP level 9. HP: 53/53 MP: 6/13
  8378 | D:6      | Reached skill level 10 in Earth Magic
  8465 | D:7      | Reached skill level 1 in Evocations
  8625 | D:7      | Noticed a hornet
  8627 | D:7      | Killed a hornet
  9641 | D:7      | Found Timnoyqo's Distillery.
  9646 | D:7      | Bought 2 potions of ambrosia for 192 gold pieces
  9646 | D:7      | Bought a potion of heal wounds for 60 gold pieces
 10171 | D:8      | Reached XP level 10. HP: 43/63 MP: 6/16
 10360 | D:8      | Reached skill level 5 in Spellcasting
 10753 | D:8      | Reached skill level 5 in Dodging
 10753 | D:8      | Reached skill level 5 in Evocations
 11098 | D:8      | Reached ** piety under Ashenzari
 11201 | D:8      | Noticed a two-headed ogre
 11207 | D:8      | Killed a two-headed ogre
 12466 | D:9      | Reached skill level 1 in Staves
 12563 | D:9      | Learned a level 4 spell: Flame Wave
 12629 | D:9      | Found Ipteffed's Armour Boutique.
 12921 | D:9      | Reached skill level 1 in Fire Magic
 12973 | D:9      | Reached XP level 11. HP: 69/69 MP: 18/22
 13115 | D:9      | Found Biucoorr's Magic Scroll Emporium.
 13136 | D:9      | HP: 3/69 [cloud of steam (11)]
 13416 | D:9      | Bought a scroll of fog for 40 gold pieces
 13416 | D:9      | Bought a scroll of fog for 40 gold pieces
 13416 | D:9      | Bought a scroll of immolation for 40 gold pieces
 13639 | D:9      | Found Plog's Antique Weapon Boutique.
 13747 | D:9      | Found a snail-covered altar of Cheibriados.
 14002 | D:9      | Found a staircase to the Lair.
 14035 | D:9      | Reached *** piety under Ashenzari
 14045 | D:9      | Found Uborch's Armour Shoppe.
 14064 | D:9      | Reached skill level 1 in Shields
 14600 | D:10     | Entered Level 10 of the Dungeon
 14632 | D:10     | Found an ornate altar of the Wu Jian Council.
 14703 | D:10     | Noticed Fannar
 14735 | D:10     | Noticed Joseph
 14887 | D:10     | Noticed flt's ghost (journeyman DgTm)
 14961 | D:10     | Killed Joseph
 15118 | D:10     | Found a transporter.
 15124 | D:10     | Noticed a tengu warrior
 15124 | D:10     | Noticed a moth of wrath
 15125 | D:10     | Found a bloodstained altar of Trog.
 15132 | D:10     | Noticed a two-headed ogre
 15182 | D:10     | Found a transporter.
 15205 | D:10     | Reached **** piety under Ashenzari
 15303 | D:10     | Killed Fannar
 15304 | D:10     | Reached skill level 1 in Throwing
 15410 | D:10     | Learned a level 5 spell: Irradiate
 15526 | D:11     | Noticed a manticore
 15527 | D:11     | Noticed a six-headed hydra
 15685 | D:11     | Killed a six-headed hydra
 15796 | D:11     | Killed a manticore
 15834 | D:11     | Noticed a two-headed ogre
 15839 | D:11     | Killed a two-headed ogre
 15896 | D:11     | Noticed a rakshasa
 15925 | D:11     | Killed a rakshasa
 15961 | D:11     | Reached XP level 12. HP: 55/81 MP: 2/26
 16220 | D:11     | Found a portal to a secret trove of treasure.
 16286 | D:11     | Found a staircase to the Orcish Mines.
 16358 | D:11     | Noticed a four-headed hydra
 16364 | D:11     | Killed a four-headed hydra
 16365 | D:11     | Reached skill level 5 in Fire Magic
 16433 | D:11     | Found a shadowy altar of Dithmenos.
 16642 | Lair:1   | Entered Level 1 of the Lair of Beasts
 17379 | Lair:1   | Noticed a boulder beetle
 17393 | Lair:1   | Killed a boulder beetle
 17554 | Lair:1   | Reached skill level 5 in Transmutations
 17555 | Lair:1   | Reached skill level 5 in Staves
 18217 | Lair:2   | Found a staircase to the Shoals.
 18618 | Lair:2   | Noticed a four-headed hydra
 18625 | Lair:2   | Killed a four-headed hydra
 18757 | Lair:2   | Reached XP level 13. HP: 86/86 MP: 18/27
 18825 | Lair:2   | Learned a level 3 spell: Gell's Gravitas
 18834 | Lair:2   | Reached skill level 5 in Shields
 19430 | Lair:2   | Found a staircase to the Snake Pit.
 20053 | Lair:3   | Noticed Snorg
 20071 | Lair:3   | Killed Snorg
 21128 | Lair:3   | Noticed Nergalle
 21135 | Lair:3   | Killed Nergalle
 21253 | Lair:4   | Noticed Urug
 21393 | Lair:4   | Noticed Rupert
 21402 | Lair:4   | Killed Rupert
 22051 | Lair:4   | Killed Urug
 22234 | Lair:4   | Reached XP level 14. HP: 92/92 MP: 22/28
 22249 | Lair:4   | Reached skill level 5 in Translocations
 22407 | Lair:4   | Noticed Josephine
 22750 | Lair:4   | Killed Josephine
 23251 | Lair:4   | Reached ***** piety under Ashenzari
 23329 | Lair:4   | Learned a level 5 spell: Yara's Violent Unravelling
 23333 | Lair:4   | Learned a level 3 spell: Inner Flame
 23355 | Lair:5   | Entered Level 5 of the Lair of Beasts
 23476 | Lair:5   | Learned a level 6 spell: Dispersal
 24250 | Lair:5   | Reached skill level 1 in Hexes
 24913 | Lair:5   | Found a one-way gate to the infinite horrors of the Abyss.
 24914 | Lair:5   | Found a corrupted altar of Lugonu.
 24935 | Lair:5   | Reached skill level 5 in Fighting
 25172 | Lair:5   | Found a staircase to the Slime Pits.
 26623 | D:10     | Found a bloodstained altar of Trog.
 26640 | D:10     | Found a transporter.
 26725 | D:10     | Killed flt's ghost
 26936 | D:10     | Found an ornate altar of the Wu Jian Council.
 27083 | Orc:1    | Entered Level 1 of the Orcish Mines
 27087 | Orc:1    | Noticed Erica
 27093 | Orc:1    | Killed Erica
 27493 | Orc:1    | Found a runed translucent door.
 27850 | Orc:1    | Reached XP level 15. HP: 101/101 MP: 9/30
 28412 | Orc:2    | Entered Level 2 of the Orcish Mines
 28412 | Orc:2    | Found a staircase to the Elven Halls.
 28929 | Orc:2    | Noticed an orc warlord
 28944 | Orc:2    | Killed an orc warlord
 29699 | Orc:2    | Found Miming's Armour Boutique.
 29699 | Orc:2    | Found Zaraxkump's Armour Shoppe.
 29703 | Orc:2    | Found Dusegoyd's Distillery.
 29703 | Orc:2    | Found Peloda's Armour Shoppe.
 29942 | Orc:2    | Bought a potion of experience for 800 gold pieces
 29942 | Orc:2    | Reached XP level 16. HP: 109/109 MP: 30/33
 30516 | D:12     | Found Oguvoh's Assorted Antiques.
 31065 | D:13     | Reached skill level 10 in Spellcasting
 31224 | D:13     | Reached skill level 10 in Conjurations
 32038 | D:13     | Slain by a death knight

Illustrated notes

Levels and vault maps discovered:
D:1:      ebering_trefoil_twist, layout_loops_ring, basic_ecumenical_altar,
          dreamdust_princess_bridge, hangedman_decor_riveting,
          chequers_serial_rivers_small_b, dk_noncrumbling_3
D:2:      minmay_chambers_of_twos, layout_basic, grunt_decor_cap
D:3:      layout_basic, mainiacjoe_overflow_concentric_impassable,
          mainiacjoe_overflow_paths,
          nicolae_gozag_cash_rules_everything_around_me, minmay_surrounded
D:4:      kennysheep_six_static_rooms, layout_layer_cave, okawaru_trees_2,
          minmay_temple_entry_junction, minmay_joined_circles, uniq_natasha
D:5:      layout_loops_ring, tso_altar, trog_wizard, grunt_decor_junction
D:6:      layout_rooms, minivault_25
D:7:      layout_loops_corners, serial_shops, nicolae_shop_hallway_plus,
          minivault_4
D:8:      layout_basic, serial_ice, serial_ice_i, serial_ice_m, serial_ice_f,
          serial_ice_a, serial_ice_o, serial_ice_g, serial_ice_c, serial_ice_b
D:9:      statuecave_lemuel, layout_loops_corners, general_overflow_altar,
          erik_lair_island, serial_shops, shop, nicolae_inconvenience_store,
          nicolae_shop_window_shopping, nicolae_shop_advertising_works
          [nicolae_subvault_shop_adworks], minivault_25
D:10:     layout_rooms, nicolae_wu_jian_immortal_techniques,
          gammafunk_ghost_wrathful_warriors, uniq_fannar, uniq_joseph
D:11:     layout_cave_pools, orc_0_dummy, trove_entry_hex_spiral,
          grunt_dithmenos_smoke_and_mirrors
D:12:     layout_roguey, serial_ice, serial_ice_d, serial_ice_g, serial_ice_k,
          serial_ice_h, serial_shops, nicolae_shop_hallway_stairs
D:13:     layout_cave_pods, hangedman_vaults_entry_quadrant_bands
Temple:   nicolae_temple_great_sept
Lair:1:   layout_layer_cave
Lair:2:   layout_cave_shapes, shoals_dummy_entry,
          minmay_snake_entry_guardpost_medium, minmay_holes
Lair:3:   layout_long_grid, serial_bayou_crossing, uniq_nergalle, uniq_snorg
Lair:4:   dreamdust_isle_of_ice, layout_gridlike, uniq_josephine, uniq_rupert,
          uniq_urug
Lair:5:   hellmonk_lair_end_abyssal_woods, layout_cave_pods,
          dpeg_slime_entry_enclosed
Orc:1:    layout_diamond_mine, lightli_church_of_beogh, uniq_erica
Orc:2:    grunt_orc_tribal_feast, layout_caves, statue_in_the_mist_lemuel

Skill      XL: |  1  2  3  4  5  6  7  8  9 10 11 12 13 14 15 16 |
---------------+-------------------------------------------------+-----
Fighting       | 1 3 4 5 6 |  6.5
Conjurations   | 1 3 4 5 6 7 8 9 10 | 10.1
Earth Magic    | 4 5 6 9 10 | 10.0
Spellcasting   | 3 4 6 7 9 10 | 10.0
Translocations | 2 4 6 7 |  7.3
Evocations     | 4 5 6 7 |  7.1
Dodging        | 4 6 7 8 |  8.2
Stealth        | 3 4 |  4.7
Staves         | 1 4 5 7 8 9 |  9.1
Fire Magic     | 1 4 6 7 |  7.6
Shields        | 3 4 6 7 8 |  8.6
Throwing       | 2 4 |  4.1
Transmutations | 3 6 7 8 |  8.6
Hexes          | 2 |  2.1

Action                   |  1- 3 |  4- 6 |  7- 9 | 10-12 | 13-15 | 16-18 || total
-------------------------+-------+-------+-------+-------+-------+-------++-------
Melee: Staff             |       |       |       |    22 |    73 |     8 ||   103
       Tentacles         |       |       |       |     5 |    24 |     4 ||    33
       Constrict         |       |       |       |     5 |    13 |     1 ||    19
       Punch             |       |       |       |       |     2 |       ||     2
 Fire: Sling             |    60 |    60 |    61 |    46 |       |       ||   227
Throw: Boomerang         |       |       |       |    63 |   143 |    18 ||   224
       Dart              |       |       |       |       |     3 |     1 ||     4
       Throwing net      |       |       |       |       |     1 |       ||     1
 Cast: Sandblast         |    18 |    35 |    50 |    12 |       |       ||   115
       Passwall          |       |     2 |       |       |     2 |       ||     4
       Stone Arrow       |       |    18 |    85 |   151 |   108 |    22 ||   384
       Flame Wave        |       |       |       |    14 |    12 |       ||    26
       Irradiate         |       |       |       |    33 |    96 |    16 ||   145
       Gell's Gravitas   |       |       |       |       |   122 |    45 ||   167
       Inner Flame       |       |       |       |       |    26 |     9 ||    35
       Dispersal         |       |       |       |       |     6 |     2 ||     8
       Yara's Violent Un |       |       |       |       |     7 |       ||     7
Invok: Curse Item        |       |     1 |     2 |     5 |     2 |       ||    10
       Shatter the Chain |       |       |       |       |     1 |       ||     1
Evoke: Wand              |       |       |     2 |     2 |     2 |       ||     6
       Tin of tremorston |       |       |       |     2 |     3 |     1 ||     6
  Use: Scroll            |     2 |     1 |       |     1 |     2 |       ||     6
       Potion            |       |       |     1 |     4 |     4 |       ||     9
 Stab: Sleeping          |       |       |       |     2 |       |       ||     2
       Petrified         |       |       |       |       |       |     4 ||     4
Armor: Skin              |     1 |     2 |     3 |     2 |     5 |     2 ||    15
Dodge: Dodged            |     9 |    12 |    32 |   114 |    97 |    11 ||   275
Block: Kite shield       |       |       |       |    34 |    70 |    26 ||   130

Table legend: (Time is in decaauts)
 A = Elapsed time spent in this place.
 B = Non-inter-level travel time spent in this place.
 C = Inter-level travel time spent in this place.
 D = Time resting spent in this place.
 E = Time spent auto-exploring this place.
 F = Levels seen in this place.
 G = Mean time per level.
                   A        B        C        D        E       F      G
               +--------+--------+--------+--------+--------+-----+--------+
         Total |  32291 |  31369 |    922 |   2734 |  24181 |  21 | 1537.7 |
       Dungeon |  19525 |  18979 |    546 |   2372 |  13962 |  13 | 1501.9 |
        Temple |     98 |     76 |     22 |      0 |     63 |   1 |   98.0 |
          Lair |   9841 |   9675 |    166 |    362 |   7852 |   5 | 1968.2 |
  Orcish Mines |   2826 |   2638 |    188 |      0 |   2304 |   2 | 1413.0 |
               +--------+--------+--------+--------+--------+-----+--------+

Top non-repeatable levels by time:
  Lair:5: 2900 daAuts
  Lair:4: 2290 daAuts
     D:8: 2245 daAuts
     D:4: 2220 daAuts
     D:9: 2106 daAuts
  Lair:1: 1917 daAuts
     D:7: 1880 daAuts
  Lair:3: 1623 daAuts
    D:10: 1602 daAuts
   Orc:1: 1601 daAuts
     D:5: 1481 daAuts
     D:3: 1349 daAuts
     D:6: 1251 daAuts
   Orc:2: 1224 daAuts
     D:1: 1201 daAuts
